 Dungeon Crawl Stone Soup version 0.30-a0-723-gc1506a1cf0 (webtiles) character file.

Game seed: 4936636618127012007

3655 Jackthecabe the Unseen (level 10, -1/84 HPs)
             Began as a Vine Stalker Brigand on Jan 28, 2023.
             Was a Follower of Uskayaw.
             Slain by a killer bee (4 damage)
             ... on level 8 of the Dungeon.
             The game lasted 00:14:46 (6813 turns).

Jackthecabe the Unseen (Vine Stalker Brigand)       Turns: 6813, Time: 00:14:46

Health: -1/84      AC: 25    Str: 15    XL:     10   Next: 12%
Magic:  0/11       EV:  2    Int: 11    God:    Uskayaw [*.....]
Gold:   541        SH:  0    Dex: 19    Spells: 9/9 levels left

rFire   . . .      SeeInvis .    b - +1 short sword (venom)
rCold   . . .      Faith    .    (no shield)
rNeg    . . .      Spirit   +    (body armour currently unavailable)
rPois   +          Reflect  .    (helmet currently unavailable)
rElec   .          Harm     .    (cloak currently unavailable)
rCorr   .          Rampage  .    (gloves currently unavailable)
Will    +....      NoTele   +    (boots currently unavailable)
Stlth   +++++++                  (no amulet)
HPRegen 1.14/turn                P - ring of poison resistance
MPRegen 0.12/turn                (no ring)

@: lethally poisoned (-1 -> -2), tree-form, studying Stealth
A: stationary, stasis, torment immunity, boosted hp, (fangs 3), regeneration 1,
magic shield, (antimagic bite), no potion heal 2
a: Renounce Religion, Stomp


You were on level 8 of the Dungeon.
You worshipped Uskayaw.
Uskayaw was noncommittal.
You were a tree.
You visited 2 branches of the dungeon, and saw 9 of its levels.

You collected 541 gold pieces.


Innate Abilities, Weirdness & Mutations

You are a tree.
Your roots penetrate the ground, keeping you stationary.
You cannot be teleported.
You are immune to unholy pain and torment.
Your maximum health is greatly increased.
Your equipment is partially melded.
((You have razor-sharp teeth.))
Your natural rate of healing is unusually fast.
When hurt, damage is shared between your health and your magic reserves.
((Your bite disrupts and absorbs the magic of your enemies.))
Potions cannot restore your health.


   Skills:
 + Level 7.8 Fighting
 - Level 6.0 Short Blades
 - Level 1.7 Throwing
 - Level 0.7 Dodging
 + Level 17.8 Stealth


You had 9 spell levels left.
You didn't know any spells.
Your spell library contained the following spells:

 Spells                   Type           Power      Damage    Failure   Level
 Freeze                   Ice            0%         1d3       34%         1
 Shock                    Conj/Air       0%         1d3       34%         1
 Lesser Beckoning         Tloc           0%         N/A       47%         2
 Frozen Ramparts          Ice            0%         1d1       71%         3
 Gell's Gravitas          Tloc           0%         N/A       71%         3
 Hailstorm                Conj/Ice       0%         3d3       71%         3
 Swiftness                Air            0%         N/A       71%         3
 Teleport Other           Tloc           0%         N/A       71%         3
 Airstrike                Air            0%         2d(0-16)  98%         4

Inventory:

Hand Weapons
 a - a +3 dagger of freezing
 b - a +1 short sword of venom (weapon)
 q - a +2 dagger
Missiles
 d - 16 poisoned darts (quivered)
 e - 4 curare-tipped darts {=f}
 h - 16 boomerangs
Armour
 c - a +0 cloak (melded)
 r - a +0 robe of cold resistance
 s - +0 acid dragon scales (melded)
 y - a +0 pair of gloves (melded)
 C - a +0 helmet
 D - a +1 helmet of see invisible (melded)
Jewellery
 v - an amulet of faith {!P}
 P - a ring of poison resistance (left branch)
Wands
 A - a wand of flame (23)
 G - a wand of digging (14)
 I - a wand of paralysis (3)
Scrolls
 f - 5 scrolls of teleportation {unknown}
 j - 2 scrolls of torment {unknown}
 o - 2 scrolls of vulnerability {unknown}
 p - 2 scrolls of magic mapping {unknown}
 u - a scroll of fog
 x - 3 scrolls of amnesia
 F - 2 scrolls of identify {@r1}
 H - a scroll of silence {unknown}
 K - a scroll of summoning {unknown}
Potions
 g - 7 potions of brilliance
 i - 2 potions of might {unknown}
 l - 3 potions of heal wounds {@q2}
 m - 5 potions of haste {@q3}
 n - 2 potions of ambrosia {unknown}
 t - a potion of degeneration {unknown}
 w - a potion of attraction {unknown}
 z - a potion of resistance {unknown}
 B - a potion of lignification
 E - a potion of mutation {unknown}
 J - a potion of curing {unknown}

Dungeon Overview and Level Annotations

Branches:
Dungeon (8/15)             Temple (1/1) D:7
   Lair: D:8-11

Altars:
Ashenzari
Dithmenos
Elyvilon
Fedhas
Hepliaklqana
Kikubaaqudgha
Makhleb
Nemelex Xobeh
Okawaru
Ru
Sif Muna
Trog
Uskayaw
Vehumet
Wu Jian
Xom
Yredelemnul
The Shining One

..#.......# ##'##
..#.......# ##...# ##+#
..#.......# #....##...##
..'.......# #..........#
###.......#. #..........#
..........#.. ##...##....#
..........#...##c..##....#
..........#....yyy.......#
..........#.....♣y.......#
..........#..............#
▒▒▒.......#...##+####...##
..▒.......#... .. #...##
..'.......#.. #.....#....#
..▒.......# +.....#....#
▒▒▒.......###+#.....#....#
..▒.................#....#
..▒.................#....#


You could see a centaur and 4 killer bees.


Message History

Okay, then.
Aiming: Throw Flame
Press: ? - help, Shift-Dir - straight line, f - killer bee
Aim: a killer bee (lightly wounded, poisoned, 39% to hit)
The puff of flame hits the killer bee!
The killer bee is heavily wounded.
You feel sick.
You feel sick.
The killer bee looks more healthy.
The killer bee stings you but does no damage.
You hit the killer bee.
The killer bee is poisoned.
The killer bee is almost dead.
You feel sick.
You kill the killer bee!
The killer bee stings you but does no damage. x2
You puncture the killer bee!
The killer bee is heavily wounded.
You feel sick. The killer bee stings you.
* * * LOW HITPOINT WARNING * * *
The killer bee stings you but does no damage. x2
You closely miss the killer bee.
The killer bee is heavily wounded.
The killer bee stings you but does no damage. x3
The killer bee barely misses you.
The killer bee stings you but does no damage. x4
You hit the killer bee.
The killer bee is poisoned.
The killer bee is severely wounded.
You feel sick.
The killer bee stings you but does no damage.
The killer bee barely misses you. The killer bee stings you.
You die...

Skill      XL: |  1  2  3  4  5  6  7  8  9 |
---------------+----------------------------+-----
Short Blades   | 2 3 4 5 6 |  6.0
Stealth        | 5 7 9 11 14 17 | 17.8
Fighting       | 2 5 7 |  7.8
Throwing       | |  1.7
Dodging        | |  0.7

Action                     |  1- 3 |  4- 6 |  7- 9 | 10-12 || total
---------------------------+-------+-------+-------+-------++-------
  Melee: Dagger            |    38 |    85 |    83 |       ||   206
         Bite              |     8 |    53 |    65 |    16 ||   142
         Punch             |     2 |       |     4 |       ||     6
         Short sword       |    15 |    72 |   127 |    50 ||   264
  Throw: Dart              |     3 |       |     8 |       ||    11
  Evoke: Wand              |       |       |       |     1 ||     1
    Use: Scroll            |       |       |     5 |     1 ||     6
         Potion            |       |       |       |     2 ||     2
   Stab: Sleeping          |     4 |     5 |    21 |     1 ||    31
         Paralysed         |       |       |       |     1 ||     1
 Armour: Robe              |    16 |    13 |       |       ||    29
         Acid dragon scale |       |    25 |    82 |    29 ||   136
         Skin              |       |       |       |    13 ||    13
  Dodge: Dodged            |    39 |    69 |   101 |    33 ||   242

Levels and vault maps discovered:
D:1:      elethiomel_arrival_infinity_welcomes_careful_drivers, layout_rooms,
          serial_park_tiny_2, minmay_statues_item, minmay_tetromino_t2
D:2:      layout_basic, nicolae_titane, uniq_jessica
D:3:      layout_loops_ring, shapermc_ecumenical_altar_notcrosses,
          hangedman_decor_push, chequers_avenue
D:4:      layout_layer_cave
D:5:      layout_cave_pools
D:6:      layout_rooms
D:7:      layout_gridville, mainiacjoe_overflow_catwalk,
          mainiacjoe_overflow_cross_hatched, minmay_temple_entry_hall,
          minmay_microvault
D:8:      layout_gridville, chei_slow_surprise, uniq_psyche
Temple:   nicolae_temple_superstar

Notes
Turn   | Place    | Note
-------+----------+-------------------------------------------
     0 | D:1      | Jackthecabe the Vine Stalker Brigand began the quest for
                  | the Orb.
     0 | D:1      | Reached XP level 1. HP: 11/11 MP: 2/2
    90 | D:1      | Reached skill level 2 in Short Blades
   247 | D:1      | Reached XP level 2. HP: 15/15 MP: 3/3
   741 | D:2      | Reached skill level 3 in Short Blades
   741 | D:2      | Reached XP level 3. HP: 18/18 MP: 4/4
  1057 | D:2      | Noticed Jessica
  1062 | D:2      | Killed Jessica
  1063 | D:2      | Gained mutation: Your natural rate of healing is unusually
                  | fast. [Vine Stalker growth]
  1063 | D:2      | Reached XP level 4. HP: 20/23 MP: 5/5
  1666 | D:3      | Reached skill level 5 in Stealth
  1687 | D:3      | Reached skill level 4 in Short Blades
  1857 | D:3      | Reached XP level 5. HP: 26/26 MP: 4/6
  1881 | D:3      | Reached skill level 6 in Stealth
  2114 | D:3      | Found a faded altar of an unknown god.
  2687 | D:4      | Reached skill level 7 in Stealth
  2774 | D:4      | Reached XP level 6. HP: 29/30 MP: 5/7
  2858 | D:4      | Reached skill level 5 in Short Blades
  3120 | D:4      | Reached skill level 8 in Stealth
  3237 | D:4      | Noticed a water moccasin
  3249 | D:4      | Killed a water moccasin
  3250 | D:4      | Reached skill level 9 in Stealth
  3250 | D:4      | Reached XP level 7. HP: 32/34 MP: 8/8
  4027 | D:5      | Entered Level 5 of the Dungeon
  4043 | D:5      | Reached skill level 6 in Short Blades
  4043 | D:5      | Reached skill level 10 in Stealth
  4180 | D:5      | Reached skill level 2 in Fighting
  4325 | D:5      | Reached skill level 11 in Stealth
  4325 | D:5      | Gained mutation: You have razor-sharp teeth. [Vine Stalker
                  | growth]
  4325 | D:5      | Reached XP level 8. HP: 39/39 MP: 9/9
  4508 | D:5      | Reached skill level 3 in Fighting
  4753 | D:6      | Reached skill level 12 in Stealth
  4760 | D:6      | Identified the +2 robe of the Old and Reckless {rF+ rC+
                  | Int+2}
  5000 | D:6      | Reached skill level 4 in Fighting
  5054 | D:6      | Reached skill level 13 in Stealth
  5238 | D:6      | Reached skill level 5 in Fighting
  5386 | D:7      | Noticed a cyclops
  5413 | D:7      | Killed a cyclops
  5414 | D:7      | Reached skill level 14 in Stealth
  5414 | D:7      | Reached XP level 9. HP: 48/48 MP: 8/10
  5493 | D:7      | Reached skill level 15 in Stealth
  5498 | D:7      | Found a staircase to the Ecumenical Temple.
  5504 | Temple   | Entered the Ecumenical Temple
  5615 | Temple   | Became a worshipper of Uskayaw the Reveller
  5649 | D:7      | Found a sparkling altar of Nemelex Xobeh.
  5666 | D:7      | Reached * piety under Uskayaw
  5667 | D:7      | Reached skill level 6 in Fighting
  5753 | D:7      | Reached ** piety under Uskayaw
  5770 | D:7      | Found a white marble altar of Elyvilon.
  5980 | D:7      | Reached skill level 16 in Stealth
  5982 | D:7      | Identified the +1 chain mail "Bemoib" {-Tele rF+ rN+}
  6285 | D:8      | Noticed Psyche
  6294 | D:8      | Killed Psyche
  6294 | D:8      | Reached *** piety under Uskayaw
  6295 | D:8      | Reached skill level 7 in Fighting
  6470 | D:8      | Reached skill level 17 in Stealth
  6474 | D:8      | Reached XP level 10. HP: 55/55 MP: 11/11
  6477 | D:8      | Reached **** piety under Uskayaw
  6481 | D:8      | Reached ***** piety under Uskayaw
  6805 | D:8      | HP: 5/56 [killer bee (1)]
  6810 | D:8      | HP: 5/84 [poisoned by a killer bee]
  6811 | D:8      | HP: 2/84 [killer bee (3)]
  6813 | D:8      | Slain by a killer bee

Vanquished Creatures
  A cyclops (D:7)
  Psyche (D:8)
  A shadow (D:7)
  A wyvern (D:8)
  A steam dragon (D:8)
  2 water moccasins
  An ice beast (D:7)
  A black bear (D:7)
  A sky beast (D:5)
  2 ogres
  2 centaurs
  A phantom (D:6)
  2 kobold brigands
  A bullfrog (D:5)
  A necrophage (D:8)
  8 scorpions
  5 wights (D:8)
  A killer bee (D:8)
  2 howler monkeys (D:8)
  A jelly (D:7)
  3 hounds
  2 orc priests
  Jessica (D:2)
  6 iguanas
  7 adders
  4 gnolls (D:4)
  A shadow imp (D:6)
  2 white imps
  2 ufetubi
  3 worms (D:3)
  A dart slug (D:5)
  17 orcs
  6 ball pythons
  7 bats
  2 endoplasms
  2 giant cockroaches
  6 goblins
  8 hobgoblins
  4 jackals (D:4)
  16 kobolds
  4 quokkas
  2 frilled lizards
  3 rats
145 creatures vanquished.

Table legend: (Time is in decaauts)
 A = Elapsed time spent in this place.
 B = Non-inter-level travel time spent in this place.
 C = Inter-level travel time spent in this place.
 D = Time resting spent in this place.
 E = Time spent auto-exploring this place.
 F = Levels seen in this place.
 G = Mean time per level.
                   A        B        C        D        E       F      G
               +--------+--------+--------+--------+--------+-----+--------+
         Total |   6713 |   6489 |    224 |    227 |   4953 |   9 |  745.9 |
       Dungeon |   6583 |   6398 |    185 |    227 |   4880 |   8 |  822.9 |
        Temple |    129 |     90 |     39 |      0 |     73 |   1 |  129.0 |
               +--------+--------+--------+--------+--------+-----+--------+

Top non-repeatable levels by time:
     D:4: 1469 daAuts
     D:3: 877 daAuts
     D:2: 869 daAuts
     D:1: 766 daAuts
     D:7: 692 daAuts
     D:6: 672 daAuts
     D:5: 646 daAuts
     D:8: 589 daAuts
  Temple: 129 daAuts

Table legend:
 A = Non-vault XP
 B = Vault XP
 C = Vault XP percentage of total XP
 D = Non-vault monster count
 E = Vault monster count
 F = Vault count percentage of total count
                 A         B        C        D         E       F
            +---------+---------+-------+---------+---------+-------
      Total |    4250 |     972 |  18.6 |     140 |       5 |   3.4
            +---------+---------+-------+---------+---------+-------
        D:1 |      21 |       3 |  12.5 |      12 |       2 |  14.3
        D:2 |      37 |      37 |  50.0 |      14 |       1 |   6.7
        D:3 |     111 |       0 |   0.0 |      25 |       0 |   0.0
        D:4 |     597 |       0 |   0.0 |      22 |       0 |   0.0
        D:5 |     527 |       0 |   0.0 |      17 |       0 |   0.0
        D:6 |     918 |       0 |   0.0 |      16 |       0 |   0.0
        D:7 |     932 |     541 |  36.7 |      14 |       1 |   6.7
        D:8 |    1107 |     391 |  26.1 |      20 |       1 |   4.8
            +---------+---------+-------+---------+---------+-------
